 Dungeon Crawl Stone Soup version 0.30.0-10-gfe55d96785 (webtiles) character file.

Game seed: 15214792975247736837

3254 monsoonserge the Cutter (level 10, -20/77 (83) HPs)
             Began as a Meteoran Monk on May 16, 2023.
             Demolished by an orc warrior
             ... wielding a +0 war axe
              (27 damage)
             ... on level 8 of the Dungeon.
             The game lasted 00:35:14 (4367 turns).

monsoonserge the Cutter (Meteoran Monk)             Turns: 4367, Time: 00:35:15

HP:   -20/77 (83)   AC: 11    Str: 13    XL:     10   Next: 42%
MP:   12/12         EV: 15    Int: 13    God:
Gold: 347           SH:  0    Dex: 20    Spells: 6/11 levels left

rFire   . . .        b - +2 dagger (distort)
rCold   . . .        (no shield)
rNeg    . . .        H - +0 leather armour
rPois   +            n - +0 helmet
rElec   .            (no cloak)
rCorr   .            m - +0 pair of gloves
SInv    .            f - +0 pair of boots
Will    +....        (no amulet)
Stlth   +            F - ring of poison resistance
HPRegen 0.32/turn    J - +4 ring of protection
MPRegen 0.13/turn

%: no passive effects
@: confused, ambrosia-drunk, very slightly contaminated, glowing, drained
A: sense surroundings 2, otherworldly, glowing, explore regen
a: no special abilities


You were on level 8 of the Dungeon.
You visited 2 branches of the dungeon, and saw 10 of its levels.

You collected 347 gold pieces.

Inventory:

Hand Weapons
 a - a +2 short sword of flaming
 b - a +2 dagger of distortion (weapon)
 e - a +2 dagger of pain
 y - a +2 dagger of holy wrath
 I - a +2 shortbow of flaming
 U - the +12 whip "Laluaw" {flame, *Rage rElec Stlth+}
   (You found it on level 8 of the Dungeon)

   rElec:     It insulates you from electricity.
   *Rage:     It berserks you when you make melee attacks (+20% chance).
   Stlth:     It makes you more stealthy.
Missiles
 w - 34 poisoned darts (quivered)
 z - a boomerang
Armour
 d - an orb of light
 f - a +0 pair of boots (worn)
 m - a +0 pair of gloves (worn)
 n - a +0 helmet (worn)
 H - a +0 leather armour (worn)
 K - a +0 ring mail
 L - a +0 helmet
Magical Staves
 A - a staff of conjuration
Jewellery
 E - a ring of magical power
 F - a ring of poison resistance (left hand)
 G - a ring of resist corrosion
 J - a +4 ring of protection (right hand)
 O - a ring of magical power
 R - a +6 ring of strength
Wands
 P - a wand of acid (7)
Scrolls
 g - a scroll of enchant armour {unknown}
 k - 2 scrolls of poison
 p - 3 scrolls of identify {unknown}
 r - 2 scrolls of magic mapping {unknown}
 s - 2 scrolls of teleportation {unknown}
 v - 2 scrolls of amnesia {unknown}
 x - 2 scrolls of immolation {unknown}
 B - 2 scrolls of enchant weapon {unknown}
 C - a scroll of fear {unknown}
 D - 2 scrolls of vulnerability {unknown}
 M - a scroll of brand weapon {unknown}
 Q - 2 scrolls of butterflies {unknown}
 S - a scroll of silence {unknown}
 V - a scroll of torment {unknown}
Potions
 c - a potion of ambrosia
 h - a potion of brilliance {unknown}
 i - 2 potions of lignification {unknown}
 j - 5 potions of curing {unknown}
 l - a potion of berserk rage {unknown}
 o - 4 potions of heal wounds {unknown}
 q - 2 potions of magic {unknown}
 t - 2 potions of degeneration {unknown}
 u - a potion of might
 N - 3 potions of flight {unknown}
 T - a potion of mutation {unknown}


   Skills:
 + Level 5.8 Fighting
 + Level 6.5(7.1) Short Blades
 + Level 4.4(6.4) Long Blades
 - Level 3.1 Ranged Weapons
 + Level 3.8 Throwing
 + Level 4.3 Armour
 + Level 6.0 Dodging
 * Level 3.4 Stealth
 - Level 1.0 Spellcasting
 * Level 5.0 Conjurations
 * Level 4.2 Hexes
 - Level 5.0 Summonings


You had 6 spell levels left.
You knew the following spells:

 Your Spells              Type           Power      Damage    Failure   Level
a - Call Imp              Summ           26%        N/A       7%          2
b - Dazzling Flash        Conj/Hex       24%        N/A       16%         3

Your spell library contained the following spells:

 Spells                   Type           Power      Damage    Failure   Level
 Slow                     Hex            44%        N/A       6%          1
 Tukima's Dance           Hex            11%        N/A       19%         3
 Sandblast                Erth           0%         2d4       34%         1
 Sting                    Tmut/Pois      0%         1d3       34%         1
 Hailstorm                Conj/Ice       7%         3d4       36%         3
 Stone Arrow              Conj/Erth      14%        3d7       36%         3
 Portal Projectile        Hex/Tloc       12%        N/A       41%         3
 Passwall                 Tmut/Erth      0%         N/A       45%         2
 Poisonous Vapours        Pois/Air       0%         N/A       45%         2
 Animate Armour           Summ/Erth      14%        N/A       77%         4
 Ice Form                 Ice/Tmut       0%         N/A       98%         4
 Olgreb's Toxic Radiance  Pois           0%         N/A       98%         4
 Blade Hands              Tmut           0%         N/A       100%        5
 Simulacrum               Ice/Necr       0%         N/A       100%        6
 Lehudib's Crystal Spear  Conj/Erth      3%         10d3      100%        8


Dungeon Overview and Level Annotations

Branches:
Dungeon (9/15) Zot: 1150   Temple (1/1) D:7 Zot: 541    Lair (0/5) D:9
    Orc: D:9-12

Altars:
Ashenzari
Cheibriados
Dithmenos
Fedhas
Gozag
Hepliaklqana
Kikubaaqudgha
Makhleb
Okawaru
Ru
Sif Muna
Trog
Uskayaw
Vehumet
Xom
Yredelemnul


Innate Abilities, Weirdness & Mutations

You passively map the area around you.
You are easily found by Zot.
You glow in the dark.
You regain HP and MP as you explore.


Message History

The ice beast barely misses your cerulean imp.
The orc hits you but does no damage.
Unknown command.
You hit the orc but do no damage.
Space warps around the orc!
You kill the orc!
Your cerulean imp hits the ice beast but does no damage.
The orc warrior hits you with a +0 war axe.
* * * LOW HITPOINT WARNING * * *
The ice beast hits your cerulean imp.
The ice beast freezes your cerulean imp!
Your cerulean imp dies!
Your cerulean imp disappears in a puff of smoke!
You barely miss the orc warrior.
The orc warrior hits you but does no damage.
You hit the orc warrior but do no damage.
The orc warrior blinks!
The orc warrior unwields a +0 war axe.
The orc warrior wields a +0 arbalest of draining.
You sense an unholy aura.
The orc warrior shoots a bolt.
The bolt barely misses you.
You hit the ice beast.
Space warps horribly around the ice beast!!
You kill the ice beast!
Your Conjurations skill increases to level 5!
You feel yourself speed up.
The orc warrior shoots a bolt.
The bolt hits you!
* * * LOW HITPOINT WARNING * * *
You feel drained.
* * * LOW HITPOINT WARNING * * *
Things that are here:
a +0 short sword; a +0 leather armour You are confused.
You feel invigorated.
The orc warrior shoots a bolt.
The bolt hits you but does no damage.
You feel drained.
The orc warrior unwields a +0 arbalest of draining.
The orc warrior wields a +0 war axe.
The orc warrior hits you with a +0 war axe!
* * * LOW HITPOINT WARNING * * *
The orc warrior attacks as you move away!
The orc warrior hits you with a +0 war axe!!
You die...

* , , ##......####...#.
#...........##### ,,, ,
#............## ** ,,*
##.............## *
#..(............#
#...............# *# *
##...............# *
#...####).o.<.....)....##
,
,........)@.......[[....#
*
##..####...............#
#..............##
##.............#
#.#..........##
##.#.........#
#.###......## ###
#####.## ###


You could see an orc warrior (strong).

Vanquished Creatures
  Prince Ribbit (D:5)
  A wyvern (D:6)
  3 water moccasins
  4 ice beasts
  A black bear (D:6)
  A sky beast (D:7)
  An orc warrior (D:9)
  A centaur (D:6)
  A kobold brigand (D:7)
  2 bullfrogs
  4 scorpions
  A wight (D:7)
  A howler monkey (D:6)
  A hound (D:4)
  A jelly (D:8)
  2 orc priests
  3 iguanas
  6 orc wizards
  6 adders
  A worm (D:2)
  A dart slug (D:1)
  29 orcs
  6 ball pythons
  7 bats
  9 endoplasms
  3 giant cockroaches
  4 goblins
  4 hobgoblins
  14 kobolds
  3 frilled lizards
  6 rats
  3 rat zombies (D:6)
131 creatures vanquished.

Vanquished Creatures (collateral kills)
  A cyclops (D:8)
  An adder (D:6)
  2 orcs (D:8)
4 creatures vanquished.

Grand Total: 135 creatures vanquished

Notes
Turn   | Place    | Note
-------+----------+-------------------------------------------
     0 | D:1      | monsoonserge the Meteoran Monk began the quest for the Orb.
     0 | D:1      | Reached XP level 1. HP: 19/19 MP: 2/2
    37 | D:1      | Reached XP level 2. HP: 24/26 MP: 3/3
   143 | D:2      | Reached XP level 3. HP: 33/33 MP: 4/4
   366 | D:1      | Reached XP level 4. HP: 40/40 MP: 5/5
   493 | D:2      | Got Haeseliwn's Teachings on Ensorcelling and Bringing
                  | Forth
   708 | D:3      | Reached skill level 1 in Short Blades
   880 | D:3      | Reached skill level 1 in Armour
   959 | D:3      | Reached XP level 5. HP: 46/46 MP: 6/6
  1247 | D:4      | Noticed a water moccasin
  1272 | D:4      | Killed a water moccasin
  1273 | D:4      | Reached XP level 6. HP: 26/53 MP: 7/7
  1370 | D:4      | Reached XP level 7. HP: 28/60 MP: 8/8
  1508 | D:4      | Learned a level 2 spell: Call Imp
  1535 | D:4      | Found a blossoming altar of Fedhas.
  1609 | D:5      | Entered Level 5 of the Dungeon
  1688 | D:6      | You fall into a shaft and drop 1 floor!
  1723 | D:7      | Found a staircase to the Ecumenical Temple.
  1732 | Temple   | Entered the Ecumenical Temple
  1858 | D:7      | Reached skill level 1 in Spellcasting
  1858 | D:7      | Reached skill level 1 in Summonings
  1880 | D:7      | Reached skill level 1 in Ranged Weapons
  1880 | D:7      | Reached XP level 8. HP: 60/67 MP: 10/10
  1912 | D:7      | Learned a level 3 spell: Dazzling Flash
  1927 | D:7      | Reached skill level 1 in Conjurations
  1936 | D:7      | Noticed a wyvern
  1947 | D:7      | Banished a wyvern
  1948 | D:7      | Reached skill level 5 in Fighting
  1948 | D:7      | Reached skill level 1 in Hexes
  1963 | D:7      | Reached skill level 1 in Stealth
  2258 | D:4      | Reached skill level 1 in Throwing
  2416 | D:5      | Noticed Prince Ribbit
  2433 | D:5      | Killed Prince Ribbit
  2434 | D:5      | Reached skill level 5 in Dodging
  2434 | D:5      | Gained mutation: You passively map the area around you.
                  | [Meteoran growth]
  2434 | D:5      | Reached XP level 9. HP: 65/74 MP: 11/11
  2529 | D:5      | Found a burning altar of Makhleb.
  2616 | D:5      | Reached skill level 5 in Short Blades
  3094 | D:6      | Found an ancient bone altar of Kikubaaqudgha.
  3180 | D:6      | Found a sacrificial altar of Ru.
  3507 | D:7      | Found a hide-covered altar of Uskayaw.
  3507 | D:7      | Found a shimmering altar of Xom.
  3508 | D:7      | Found a basalt altar of Yredelemnul.
  3664 | D:8      | Identified the +12 whip "Laluaw" {flame, *Rage rElec
                  | Stlth+}
  3850 | D:8      | Reached XP level 10. HP: 79/81 MP: 12/12
  4074 | D:8      | Found an iron altar of Okawaru.
  4078 | D:8      | Noticed a cyclops
  4092 | D:8      | Killed a cyclops
  4274 | D:9      | Reached skill level 5 in Summonings
  4275 | D:9      | Found a staircase to the Lair.
  4364 | D:8      | Reached skill level 5 in Conjurations
  4367 | D:8      | Demolished by an orc warrior

Illustrated notes

Levels and vault maps discovered:
D:1:      roderic_octagonal_star, layout_rooms, serial_shops, shop,
          minmay_heptomino_h4
D:2:      layout_basic, corexii_leaking_fountain, minmay_crystal_water
D:3:      layout_basic
D:4:      nicolae_cairo_tiling_very_big, layout_loops_cross,
          fedhas_ov_isle_minmay, serial_rivers, chequers_serial_rivers_room_a,
          chequers_serial_rivers_micro_e, chequers_serial_rivers_room_b,
          chequers_serial_rivers_large_a, chequers_serial_rivers_large_b
D:5:      layout_layer_cave, nicolae_overflow_two_pavilions,
          mainiacjoe_overflow_boulevard, hangedman_decor_clover_reticule,
          uniq_pikel, uniq_prince_ribbit1
D:6:      layout_gridville, mainiacjoe_overflow_alcove_4,
          lemuel_zombie_altar_kikubaaqudgha
D:7:      minmay_evil_eye, layout_basic, nicolae_overflow_hidden_temple,
          temple_hall
D:8:      layout_cave_pods, okawaru_metal_pillars_1_2, chequers_mini_garden
D:9:      layout_big_octagon, lair_entry_dummy, orc_0_dummy
Temple:   hellmonk_temple_of_storms

Skill      XL: |  1  2  3  4  5  6  7  8  9 10 |
---------------+-------------------------------+-----
Long Blades    | 4 |  4.4
Dodging        | 4 5 6 |  6.0
Fighting       | 4 5 |  5.8
Short Blades   | 1 3 4 5 6 |  6.5
Armour         | 1 2 3 4 |  4.3
Spellcasting   | 1 |  1.0
Summonings     | 1 3 4 5 |  5.0
Ranged Weapons | 1 3 |  3.1
Conjurations   | 2 4 5 |  5.0
Hexes          | 2 3 4 |  4.2
Stealth        | 1 2 3 |  3.4
Throwing       | 1 3 |  3.8

Action                     |  1- 3 |  4- 6 |  7- 9 | 10-12 || total
---------------------------+-------+-------+-------+-------++-------
  Melee: Dagger            |    54 |   141 |   185 |    82 ||   462
         Punch             |       |       |     2 |     2 ||     4
   Fire: Shortbow          |       |       |    33 |       ||    33
  Throw: Dart              |       |     3 |    30 |     3 ||    36
         Boomerang         |       |       |    10 |       ||    10
   Cast: Call Imp          |       |       |     5 |     4 ||     9
         Dazzling Flash    |       |       |     2 |     1 ||     3
    Use: Scroll            |       |       |     1 |       ||     1
         Potion            |       |       |       |     1 ||     1
   Stab: Invisible         |       |       |     3 |     1 ||     4
         Distracted        |       |       |     1 |       ||     1
 Armour: Robe              |     4 |       |       |       ||     4
         Chain mail        |    25 |    63 |       |       ||    88
         Leather armour    |       |       |    71 |    31 ||   102
  Dodge: Dodged            |    18 |    33 |   104 |    30 ||   185
